 Dungeon Crawl Stone Soup version 0.26-a0-831-g7192265339 (webtiles) character file.

Game seed: 11808010793931513509

42 dickylongcocking the Sneak (level 3, -1/17 HPs)
             Began as a Felid Delver on Nov 15, 2020.
             Was an Initiate of Makhleb.
             Slain by a gnoll zombie (5 damage)
             ... in an ossuary.
             The game lasted 00:01:10 (582 turns).

dickylongcocking the Sneak (Felid Delver)            Turns: 582, Time: 00:01:11

Health: -1/17      AC:  1    Str:  8    XL:     3   Next: 33%
Magic:  4/4        EV: 18    Int: 11    God:    Makhleb [......]
Gold:   5          SH:  0    Dex: 18    Spells: 2/2 levels left
                                        Lives:  0   Deaths: 0

rFire    . . .     SeeInvis +     - Unarmed
rCold    . . .     Faith    .   (shield unavailable)
rNeg     . . .     Spirit   .   (armour unavailable)
rPois    .         Reflect  .   (helmet unavailable)
rElec    .         Harm     .   (cloak unavailable)
rCorr    .         Rampage  .   (gloves unavailable)
MR       .....                  (boots unavailable)
Stlth    ++++......             (no amulet)
HPRegen  0.05/turn              (no ring)
MPRegen  0.09/turn              (no ring)

@: quick
A: very small, no armour, no weapons or thrown items, stealth, claws 1, fangs 3,
see invisible, speed 1, shaggy fur 1, sharp paws
a: Renounce Religion


You were in an ossuary.
You worshipped Makhleb.
Makhleb was noncommittal.
You visited 1 branch of the dungeon, and saw 1 of its levels.
You also visited: Ossuary.

You collected 5 gold pieces.

Inventory:

Wands
 e - a wand of digging (2)
Scrolls
 a - a scroll of fog
 b - a scroll of identify {unknown}
 c - a scroll of fear


   Skills:
 - Level 3.2 Fighting
 - Level 2.8 Dodging
 - Level 7.6 Stealth
 * Level 2.4 Unarmed Combat


You had 2 spell levels left.
You didn't know any spells.
Your spell library was empty.

Dungeon Overview and Level Annotations

Branches:
Dungeon (5/15)            Ossuary (1/1)
 Temple: D:4-7

Altars:
Makhleb


Innate Abilities, Weirdness & Mutations

You cannot wear armour.
You are incapable of wielding weapons or throwing items.
Your paws allow you to move quietly. (Stealth)
You have sharp claws.
You have razor-sharp teeth.
You have supernaturally acute eyesight. (SInv)
You cover ground quickly.
You are covered in fur. (AC +1)
Your sharp claws are effective at attacking unaware monsters.


Message History

You scratch the gnoll zombie.
The gnoll zombie is heavily damaged.
You scratch the gnoll zombie but do no damage.
The gnoll zombie is heavily damaged.
The gnoll zombie barely misses you.
You scratch the gnoll zombie.
The gnoll zombie is almost destroyed.
The gnoll zombie hits you.
* * * LOW HITPOINT WARNING * * *
Unknown command.
There is an empty arch of ancient stone here.
Evoke which item? (* to show all) (? for menu, Esc to quit)
Okay, then.
You aren't carrying any potions.
Unknown command.
Okay, then.
Evoke which item? (* to show all) (? for menu, Esc to quit)
Okay, then.
The gnoll zombie hits you.
You die...

#...# #...#
#...# #'###
#^.^#
##########^^.#
#??!!#...#..^#
+!!!?#.∩Z'..^#
#!!!?#.@.#..∩#
##############


You could see a gnoll zombie.

Vanquished Creatures
  A hound (D:5)
  3 adder zombies (Ossuary)
  A hobgoblin zombie (Ossuary)
  A kobold zombie (Ossuary)
6 creatures vanquished.

Notes
Turn   | Place    | Note
-------+----------+-------------------------------------------
     0 | D:5      | dickylongcocking the Felid Delver began the quest for the
                  | Orb.
     0 | D:5      | Reached XP level 1. HP: 10/10 MP: 2/2
    35 | D:5      | Found a burning altar of Makhleb.
    35 | D:5      | Noticed a hound
    39 | D:5      | Killed a hound
    40 | D:5      | Reached skill level 7 in Stealth
    40 | D:5      | Reached XP level 2. HP: 14/14 MP: 3/3
    43 | D:5      | Became a worshipper of Makhleb the Destroyer
    90 | D:5      | Found a sand-covered staircase.
    99 | Ossuary  | Entered an ossuary
   114 | Ossuary  | Reached XP level 3. HP: 9/17 MP: 4/4
   582 | Ossuary  | Slain by a gnoll zombie

Illustrated notes

Levels and vault maps discovered:
D:5:      layout_loops_corners, makhleb_blood_cavern_becter,
          lightli_ossuary_entry_decrepit_ruins
Ossuary:  ossuary_tomb_2

Skill      XL: |  1 |
---------------+----+-----
Stealth        | 7 |  7.6
Fighting       | |  3.2
Dodging        | |  2.8
Unarmed Combat | |  2.4

Action                   || total
-------------------------++-------
Melee: Unarmed           ||    29
       Bite              ||     1
Evoke: Wand              ||     1
  Use: Scroll            ||     1
       Potion            ||     1
 Stab: Sleeping          ||     3
Armor: Skin              ||     1
Dodge: Dodged            ||    28

Table legend: (Time is in decaauts)
 A = Elapsed time spent in this place.
 B = Non-inter-level travel time spent in this place.
 C = Inter-level travel time spent in this place.
 D = Time resting spent in this place.
 E = Time spent auto-exploring this place.
 F = Levels seen in this place.
 G = Mean time per level.
                   A        B        C        D        E       F      G
               +--------+--------+--------+--------+--------+-----+--------+
         Total |    540 |    540 |      0 |    404 |      1 |   2 |  270.0 |
       Dungeon |     80 |     80 |      0 |      0 |      0 |   1 |   80.0 |
       Ossuary |    459 |    459 |      0 |    404 |      1 |   1 |  459.0 |
               +--------+--------+--------+--------+--------+-----+--------+

Top non-repeatable levels by time:
 Ossuary: 459 daAuts
     D:5: 80 daAuts
